 Dungeon Crawl Stone Soup version 0.20.1-1-g8b1a95d (console) character file.

877 hilaritas the Chopper (level 8, -7/61 HPs)
             Began as a Formicid Fighter on Nov 25, 2017.
             Killed by nerve-wracking pain
             ... invoked by Menkaure
              (14 damage)
             ... on level 4 of the Dungeon.
             The game lasted 00:09:19 (4138 turns).

hilaritas the Chopper (Formicid Fighter)            Turns: 4138, Time: 00:09:19

Health: -7/61      AC:  6    Str: 23    XL:     8   Next: 25%
Magic:  8/8        EV:  8    Int:  8    God:
Gold:   142        SH: 11    Dex: 10    Spells: 7/7 levels left

rFire    . . .     SeeInvis +   a - +0 war axe
rCold    . . .     Gourm    .   c - +1 shield
rNeg     . . .     Faith    .   b - +0 scale mail
rPois    .         Spirit   .   (helmet unavailable)
rElec    .         Reflect  .   (no cloak)
rCorr    .         Harm     .   (no gloves)
MR       .....                  (no boots)
Stlth    ..........             (no amulet)
Regen    0.2/turn               (no ring)
MPRegen  0.2/turn               (no ring)

@: no status effects
A: permanent stasis, dig shafts and tunnels, four strong arms, antennae 3
a: Dig, Shaft Self


You were on level 4 of the Dungeon.
You were hungry.

You visited 1 branch of the dungeon, and saw 4 of its levels.
You also visited: Sewer.

You collected 142 gold pieces.

Inventory:

Hand Weapons
 a - a +0 war axe (weapon)
 m - a +0 war axe
 q - a +0 mace
Armour
 b - a +0 scale mail (worn)
 c - a +1 shield (worn)
Scrolls
 j - 2 scrolls of identify
 k - 3 scrolls of fog
Potions
 d - a potion of magic {unknown}
 i - a potion of flight
 n - a potion of might
 o - a potion of lignification
Comestibles
 f - 3 bread rations
 h - 2 royal jellies
 l - a chunk of flesh


   Skills:
 + Level 4.8 Fighting
 * Level 7.5 Axes
 - Level 3.2 Armour
 + Level 5.8 Shields


You had 7 spell levels left.
You didn't know any spells.

Dungeon Overview and Level Annotations

Branches:
Dungeon (4/15)
 Temple: D:4-7

Altars:
Sif Muna

Annotations:
D:4 Menkaure


Innate Abilities, Weirdness & Mutations

You cannot be hasted, slowed, berserked, paralysed or teleported.
You can dig through walls and to a lower floor.
Your four strong arms can wield two-handed weapons with a shield.
You have a pair of large antennae on your head. (SInv)


Message History

Menkaure murmurs, "Let me perform the rites..."
Menkaure calls on the powers of darkness!
Your body is wracked with pain!
You slash Menkaure!
Menkaure is almost destroyed.
You block Menkaure's attack.
You are feeling hungry.
You barely miss Menkaure.
Menkaure is almost destroyed.
Menkaure hits you!!
* * * LOW HITPOINT WARNING * * *
You feel better.
Menkaure calls on the powers of darkness!
Your body is wracked with pain!
* * * LOW HITPOINT WARNING * * *
You hit Menkaure.
Menkaure is almost destroyed.
Menkaure casts a spell at you. Pain shoots through your body!
You die...

##...##......
##...##......
#....##..####
#....##### #........#
######.......# #
#...##'####..#{ #.
+...##...##..# #..
#....#....#..# #
##..##....#...##.##.#
#...M@...#######.'..#
#...##...##...##.##.#
#.. #...##)......# #
## #............#
#............#
............##..#
.......##...###+#
...##...##...# #..
#...##...# #.
#........+ .... .<.#


You could see Menkaure.

Vanquished Creatures
  Sigmund (D:3)
  An ogre (D:4)
  Blork the orc (D:4)
  4 big kobolds (Sewer)
  3 gnolls (D:3)
  9 adders
  4 river rats
  8 oozes
  6 worms
  2 dart slugs (D:1)
  5 leopard geckos
  4 orcs (D:3)
  6 ball pythons
  7 bats
  4 giant cockroaches
  9 goblins
  6 hobgoblins
  6 jackals
  A quokka (D:1)
  3 frilled lizards
  7 kobolds
  6 rats
103 creatures vanquished.

Notes
Turn   | Place    | Note
-------+----------+-------------------------------------------
     0 | D:1      | hilaritas the Formicid Fighter began the quest for the Orb.
     0 | D:1      | Reached XP level 1. HP: 18/18 MP: 1/1
    65 | D:1      | Reached XP level 2. HP: 24/24 MP: 2/2
   325 | D:1      | Reached XP level 3. HP: 26/29 MP: 3/3
  1363 | D:2      | Reached skill level 3 in Axes
  1363 | D:2      | Reached XP level 4. HP: 23/37 MP: 4/4
  1648 | D:2      | Found a deep blue altar of Sif Muna.
  2113 | D:3      | Reached XP level 5. HP: 14/42 MP: 5/5
  2128 | D:3      | HP: 3/63 [gnoll/club (4)]
  2139 | D:3      | HP: 1/63 [worm (5)]
  2210 | D:3      | Reached skill level 4 in Axes
  2317 | D:3      | Noticed Sigmund
  2326 | D:3      | HP: 2/42 [Sigmund/scythe (7)]
  2327 | D:3      | Killed Sigmund
  2327 | D:3      | Reached skill level 5 in Axes
  2327 | D:3      | Reached skill level 5 in Shields
  2327 | D:3      | Reached XP level 6. HP: 3/49 MP: 6/6
  2436 | D:3      | Found a glowing drain.
  2440 | Sewer    | Entered a sewer
  2521 | Sewer    | Reached XP level 7. HP: 55/55 MP: 7/7
  2671 | Sewer    | Reached skill level 6 in Axes
  3489 | Sewer    | Reached XP level 8. HP: 61/61 MP: 8/8
  3609 | D:3      | Reached skill level 7 in Axes
  3968 | D:4      | Noticed Blork the orc
  3983 | D:4      | Killed Blork the orc
  4130 | D:4      | Noticed Menkaure
  4138 | D:4      | Killed from afar by Menkaure

Skill      XL: |  1  2  3  4  5  6  7  8 |
---------------+-------------------------+-----
Shields        | 4 5 |  5.8
Axes           | 3 5 6 7 |  7.5
Fighting       | 4 |  4.8
Armour         | |  3.2

Action                   |  1- 3 |  4- 6 |  7- 9 || total
-------------------------+-------+-------+-------++-------
Melee: War axe           |    97 |   132 |   172 ||   401
       Whip              |       |       |     7 ||     7
  Use: Potion            |       |     7 |     1 ||     8
       Scroll            |       |     7 |     3 ||    10
  Eat: Chunk             |     1 |     4 |     4 ||     9
       Royal jelly       |       |       |     1 ||     1
Armor: Scale mail        |    32 |    44 |    34 ||   110
       Skin              |       |     7 |       ||     7
Dodge: Dodged            |    36 |    37 |    48 ||   121
Block: Shield            |    58 |    74 |    80 ||   212
